 Dungeon Crawl Stone Soup version 0.23.2-1-ga50397a6bc (webtiles) character file.

Game seed: 15322917353289545697

137 Freyura the Twirler (level 5, -1/39 HPs)
             Began as a Demonspawn Gladiator on May 15, 2019.
             Killed by nerve-wracking pain
             ... invoked by Menkaure
              (11 damage)
             ... on level 4 of the Dungeon.
             The game lasted 00:05:19 (2397 turns).

Freyura the Twirler (Demonspawn Gladiator)          Turns: 2397, Time: 00:05:20

Health: -1/39      AC:  3    Str: 15    XL:     5   Next: 0%
Magic:  5/5        EV: 13    Int:  9    God:
Gold:   148        SH:  0    Dex: 15    Spells: 4/4 levels left

rFire    . . .     SeeInvis .   a - +0 quarterstaff
rCold    . . .     Gourm    .   (shield currently unavailable)
rNeg     . . .     Faith    .   b - +0 leather armour
rPois    .         Spirit   .   (helmet restricted)
rElec    .         Reflect  .   (no cloak)
rCorr    .         Harm     .   (no gloves)
MR       .....                  (no boots)
Stlth    +.........             (no amulet)
HPRegen  0.13/turn              (no ring)
MPRegen  0.09/turn              (no ring)

@: no status effects
A: antennae 1, powered by death 2
a: no special abilities


You were on level 4 of the Dungeon.
You were not hungry.

You visited 1 branch of the dungeon, and saw 4 of its levels.

You collected 148 gold pieces.

Inventory:

Hand Weapons
 a - a +0 quarterstaff (weapon)
Armour
 b - a +0 leather armour (worn)
Scrolls
 e - a scroll of immolation {unknown}
 h - a scroll of fog {unknown}
 i - a scroll of noise {unknown}
 j - 5 scrolls of identify {unknown}
 k - 2 scrolls of teleportation {unknown}
 l - 3 scrolls of remove curse {unknown}
 n - a scroll of magic mapping {unknown}
 r - a scroll of random uselessness {unknown}
 t - a scroll of blinking {unknown}
Potions
 g - a potion of agility {unknown}
 m - a potion of cancellation {unknown}
 o - 2 potions of magic {unknown}
 p - a potion of degeneration {unknown}
 q - a potion of curing {unknown}
 u - 2 potions of might {unknown}
Comestibles
 f - 5 rations
 s - 2 chunks of flesh


   Skills:
 + Level 2.4 Fighting
 * Level 4.6 Staves
 - Level 1.7 Throwing
 + Level 3.3 Dodging


You had 4 spell levels left.
You didn't know any spells.
Your spell library was empty.

Dungeon Overview and Level Annotations

Branches:
Dungeon (4/15)
 Temple: D:4-7

Altars:
Dithmenos

Annotations:
D:4 Menkaure


Innate Abilities, Weirdness & Mutations

You have a pair of small antennae on your head.
You regenerate health from kills.


Message History

Menkaure is heavily damaged.
Menkaure completely misses you.
You barely miss Menkaure.
Menkaure is heavily damaged.
Menkaure hits you!
* * * LOW HITPOINT WARNING * * *
You hit Menkaure.
Menkaure is heavily damaged.
Menkaure gestures wildly while chanting.
Menkaure seems to speed up.
You hit Menkaure.
Menkaure is severely damaged.
Menkaure gestures at you while chanting.
Pain shoots through your body!
* * * LOW HITPOINT WARNING * * *
You hit Menkaure.
Menkaure is almost destroyed.
Menkaure points at you and mumbles some strange words.
Pain shoots through your body!
You die...

.. ... ########## ####+##...
#........# #........
#........# #......#
#........# +......#
##........+ #..M...+
..........#####.@....#
...........(......<..#
.....................#
.....................#
..########...........# ..
..#......#...........#####..
..#.)....####+########....##
..#........................#
..#........................#


You could see Menkaure.

Vanquished Creatures
  A hound (D:4)
  A worker ant zombie (D:4)
  2 adders
  A worm (D:2)
  2 dart slugs
  A leopard gecko (D:1)
  An orc (D:3)
  2 ball pythons (D:1)
  14 bats
  3 giant cockroaches
  7 goblins
  8 hobgoblins
  4 jackals (D:3)
  8 kobolds
  A quokka (D:3)
  2 frilled lizards
  8 rats
66 creatures vanquished.

Notes
Turn   | Place    | Note
-------+----------+-------------------------------------------
     0 | D:1      | Freyura the Demonspawn Gladiator began the quest for the
                  | Orb.
     0 | D:1      | Reached XP level 1. HP: 16/16 MP: 1/1
   126 | D:1      | Reached skill level 3 in Staves
   216 | D:1      | Gained mutation: You regenerate a little health from kills.
                  | [demonic ancestry]
   216 | D:1      | Reached XP level 2. HP: 15/22 MP: 2/2
   916 | D:2      | Gained mutation: You regenerate health from kills. [demonic
                  | ancestry]
   916 | D:2      | Reached XP level 3. HP: 27/27 MP: 3/3
  1674 | D:3      | Found a shadowy altar of Dithmenos.
  1767 | D:3      | Reached skill level 4 in Staves
  1873 | D:3      | Reached XP level 4. HP: 29/33 MP: 4/4
  2378 | D:4      | Gained mutation: You have a pair of small antennae on your
                  | head. [demonic ancestry]
  2378 | D:4      | Reached XP level 5. HP: 34/39 MP: 5/5
  2384 | D:4      | Noticed Menkaure
  2397 | D:4      | Killed from afar by Menkaure

Skill      XL: |  1  2  3 |
---------------+----------+-----
Staves         | 3 4 |  4.6
Dodging        | 3 |  3.3
Fighting       | |  2.4
Throwing       | |  1.7

Action                   |  1- 3 |  4- 6 || total
-------------------------+-------+-------++-------
Melee: Quarterstaff      |   156 |    62 ||   218
 Stab: Sleeping          |     2 |       ||     2
  Eat: Chunk             |     3 |     2 ||     5
Armor: Leather armour    |    49 |     6 ||    55
Dodge: Dodged            |   137 |    46 ||   183
